 Dungeon Crawl Stone Soup version 0.29-a0-582-ge82337ba6a (webtiles) character file.

Game seed: 7993037492107674084

72 porpoise the Skirmisher (level 4, -9/37 HPs)
             Began as a Demonspawn Fighter on June 15, 2022.
             Killed from afar by Sigmund (12 damage)
             ... with a puff of flame
             ... on level 2 of the Dungeon.
             The game lasted 00:07:20 (1925 turns).

porpoise the Skirmisher (Demonspawn Fighter)        Turns: 1925, Time: 00:07:21

Health: -9/37      AC:  6    Str: 18    XL:     4   Next: 6%
Magic:  4/4        EV:  9    Int: 10    God:
Gold:   145        SH:  0    Dex: 12    Spells: 3/3 levels left

rFire   . . .      SeeInvis .   a - +0 trident
rCold   . . .      Faith    .   (no shield)
rNeg    . . .      Spirit   .   k - +0 scale mail
rPois   .          Reflect  .   (no helmet)
rElec   .          Harm     .   (no cloak)
rCorr   .          Rampage  .   (no gloves)
Will    +....                   (no boots)
Stlth   ..........              (no amulet)
HPRegen 0.12/turn               f - ring of willpower
MPRegen 0.09/turn               (no ring)

@: mighty
A: demonic touch 2
a: no special abilities


You were on level 2 of the Dungeon.
You visited 1 branch of the dungeon, and saw 3 of its levels.

You collected 145 gold pieces.

Inventory:

Hand Weapons
 a - a +0 trident (weapon)
 b - a +2 hunting sling of flaming
 m - a +1 short sword of electrocution
Missiles
 i - a throwing net (quivered)
 j - 3 poisoned darts
Armour
 c - a +0 buckler
 k - a +0 scale mail (worn)
Jewellery
 e - a ring of wizardry
 f - a ring of willpower (left hand)
Scrolls
 g - 2 scrolls of noise {unknown}
 h - a scroll of enchant armour {unknown}
 q - a scroll of torment {unknown}
Potions
 l - a potion of attraction {unknown}
 n - a potion of degeneration {unknown}
 o - a potion of heal wounds {unknown}
 p - a potion of flight {unknown}


   Skills:
 + Level 3.7 Fighting
 * Level 3.4 Polearms
 - Level 2.6 Armour
 - Level 2.6 Shields


You had 3 spell levels left.
You didn't know any spells.
Your spell library contained the following spells:

 Spells                   Type           Power      Damage    Failure   Level
 Airstrike                Air            0%         N/A       100%        4
 Summon Lightning Spire   Summ/Air       0%         N/A       100%        4
 Lightning Bolt           Conj/Air       0%         1d11      100%        5


Dungeon Overview and Level Annotations

Branches:
Dungeon (3/15)

Altars:

Shops:
D:1 :   D:2 (

Annotations:
D:2 Sigmund


Innate Abilities, Weirdness & Mutations

Your touch may inflict irresistible damage on your foes.


Message History

Sigmund moves out of view.
Your +2 hunting sling of flaming stops flaming.
a - a +0 trident (weapon)
The hobgoblin shouts!
You hear an angry hiss.
A ball python comes into view.
You hit the hobgoblin.
You kill the hobgoblin!
Sigmund hits you but does no damage.
You feel very mighty all of a sudden. The ball python misses you.
The ball python barely misses you.
You barely miss the ball python. Sigmund hits you but does no damage.
The ball python barely misses you. x2
You puncture the ball python!
You kill the ball python!
Sigmund mumbles some strange words.
Sigmund flickers and vanishes!
Deactivating autopickup; reactivate with Ctrl-A.
No target in view!
No target in view!
Reach: a) +0 trident
Press: ? - help, Dir - move target You reach to attack!
You hit something but do no damage. Something hits you.
Reach: a) +0 trident
Press: ? - help, Dir - move target You reach to attack!
You miss something. Something hits you.
You miss something. Your touch misses something. Something hits you!
You miss something. Something hits you but does no damage.
You miss something. Something hits you.
You puncture something! You barely miss something. Something hits you.
You barely miss something. Something hits you!
* * * LOW HITPOINT WARNING * * *
You miss something. Something hits you.
* * * LOW HITPOINT WARNING * * *
You miss something. You barely miss something.
You hear some strange, mumbled words.
A puff of flame appears from out of thin air!
The puff of flame hits you!
You die...

..# #..#........#
#.#
.##.####..#.###..†##
#.# ..........#.#
##.## #.#
............# ..
####.# ##..#####..##
#.# .....## #.. #..#
#. ....... .
...####.$####.#
######
............... #
...#.##@.####.# #
......{..# #
.#####...# # #.... #
#.#... ####### #.
#### ....... #.
####### ..


There were no monsters in sight!

Vanquished Creatures
  Jessica (D:2)
  An adder (D:2)
  A worm (D:2)
  An orc (D:2)
  4 ball pythons
  4 bats
  An endoplasm (D:2)
  A giant cockroach (D:2)
  2 goblins
  3 hobgoblins
  2 jackals (D:3)
  2 quokkas
  5 kobolds
  2 rats
30 creatures vanquished.

Notes
Turn   | Place    | Note
-------+----------+-------------------------------------------
     0 | D:1      | porpoise the Demonspawn Fighter began the quest for the
                  | Orb.
     0 | D:1      | Reached XP level 1. HP: 18/18 MP: 1/1
    27 | D:1      | Found a faded altar of an unknown god.
   802 | D:1      | Found Rosserche's Book Shoppe.
  1014 | D:2      | Gained mutation: Your touch may inflict minor irresistible
                  | damage on your foes. [demonic ancestry]
  1014 | D:2      | Reached XP level 2. HP: 24/24 MP: 2/2
  1385 | D:2      | Found Waxah's Weapon Boutique.
  1518 | D:2      | Reached XP level 3. HP: 29/29 MP: 3/3
  1583 | D:2      | You fall into a shaft and drop 1 floor!
  1724 | D:2      | Noticed Jessica
  1836 | D:2      | Killed Jessica
  1837 | D:2      | Gained mutation: Your touch may inflict irresistible damage
                  | on your foes. [demonic ancestry]
  1837 | D:2      | Reached XP level 4. HP: 37/37 MP: 4/4
  1906 | D:2      | Noticed Sigmund
  1925 | D:2      | Killed from afar by Sigmund

Illustrated notes

Levels and vault maps discovered:
D:1:      sevenhm_arrival_forest_fort_small_4, layout_basic, serial_shops,
          nicolae_shop_statue_plus, shapermc_ecumenical_altar_pompeii
D:2:      layout_loops_ring, serial_shops, nicolae_shop_bloodbath_and_beyond,
          hangedman_decor_push, uniq_jessica, uniq_sigmund
D:3:      layout_loops_corners, serial_shops, nicolae_shop_waterfront

Skill      XL: |  1  2  3 |
---------------+----------+-----
Polearms       | 2 3 |  3.4
Fighting       | |  3.7
Armour         | |  2.6
Shields        | |  2.6

Action                   |  1- 3 |  4- 6 || total
-------------------------+-------+-------++-------
Melee: Trident           |    87 |    14 ||   101
 Fire: Hunting sling     |    12 |     1 ||    13
  Use: Potion            |     1 |     1 ||     2
Armor: Scale mail        |    65 |     3 ||    68
Dodge: Dodged            |    49 |     4 ||    53
Block: Buckler           |    20 |       ||    20

Table legend: (Time is in decaauts)
 A = Elapsed time spent in this place.
 B = Non-inter-level travel time spent in this place.
 C = Inter-level travel time spent in this place.
 D = Time resting spent in this place.
 E = Time spent auto-exploring this place.
 F = Levels seen in this place.
 G = Mean time per level.
                   A        B        C        D        E       F      G
               +--------+--------+--------+--------+--------+-----+--------+
         Total |   1966 |   1932 |     34 |    501 |   1054 |   3 |  655.3 |
       Dungeon |   1966 |   1932 |     34 |    501 |   1054 |   3 |  655.3 |
               +--------+--------+--------+--------+--------+-----+--------+

Top non-repeatable levels by time:
     D:1: 1015 daAuts
     D:2: 708 daAuts
     D:3: 242 daAuts
